 Dungeon Crawl Stone Soup version 0.28.0-62-gf88900778d (webtiles) character file.

Game seed: 13995289510769019601

422160 cbfl8 the Executioner (level 22, -1/167 (193) HPs)
             Began as a Minotaur Fighter on July 8, 2023.
             Was the Champion of Hepliaklqana.
             Killed from afar by a shadow dragon (17 damage)
             ... with a bolt of negative energy
             ... on level 5 of the Vaults.
             The game lasted 01:21:20 (64135 turns).

cbfl8 the Executioner (Minotaur Fighter)           Turns: 64135, Time: 01:21:20

HP:   -1/167 (193)  AC: 47    Str: 30    XL:     22   Next: 67%
MP:   21/21         EV:  8    Int:  5    God:    Hepliaklqana [******]
Gold: 2512          SH: 18    Dex: 20    Spells: 21/21 levels left

rFire   + . .      SeeInvis .   s - +9 broad axe (elec)
rCold   + . .      Faith    +   i - +2 kite shield {AC+3}
rNeg    . . .      Spirit   .   N - +5 crystal plate armour {rC+}
rPois   .          Reflect  .   O - +0 hat {Will+}
rElec   .          Harm     .   x - +2 cloak {Will+}
rCorr   .          Rampage  .   g - +1 pair of gloves
Will    +....                   f - +1 pair of boots of Deshitah {Fly Dex+2}
Stlth   ..........              o - amulet of Lieb {Faith rF+}
HPRegen 0.37/turn               y - +6 ring of strength
MPRegen 0.17/turn               h - +4 ring of slaying

@: mighty, weak-willed, flying, studying Short Blades, heavily drained
A: reduced essence, horns 2, retaliatory headbutt, claws 1, iridescent scales 1,
screaming 1, evolution 1, MP-powered wands
}: 2/15 runes: decaying, gossamer
a: Renounce Religion, Recall Ancestor, Ancestor Identity, Transference, Idealise


You were on level 5 of the Vaults.
You worshipped Hepliaklqana.
Hepliaklqana was exalted by your worship.
You visited 7 branches of the dungeon, and saw 37 of its levels.
You also visited: Ice Cave and Wizlab.

You collected 4398 gold pieces.
You spent 1886 gold pieces at shops.

Inventory:

Hand Weapons
 s - a +9 broad axe of electrocution (weapon)
Missiles
 j - 5 boomerangs
 u - 3 throwing nets
Armour
 a - the +1 plate armour of the Dice {+Blink rC+}
   (You found it on level 1 of the Swamp)

   rC:        It protects you from cold.
   +Blink:    It lets you blink.
 f - the +1 pair of boots of Deshitah (worn) {Fly Dex+2}
   (You bought it in a shop on level 2 of the Vaults)

   Dex:       It affects your dexterity (+2).
   Fly:       It grants you flight.
 g - a +1 pair of gloves (worn)
 i - a +2 kite shield of protection (worn)
 x - a +2 cloak of willpower (worn)
 N - a +5 crystal plate armour of cold resistance (worn)
 O - a +0 hat of willpower (worn)
Jewellery
 h - a +4 ring of slaying (right hand)
 o - the amulet of Lieb (around neck) {Faith rF+}
   (You found it in an ice cave)

   [amulet of faith]

   It allows you to gain divine favour quickly.
   rF:        It protects you from fire.
 y - a +6 ring of strength (left hand)
Wands
 A - a wand of iceblast (35)
 B - a wand of polymorph (4)
 H - a wand of charming (11)
 I - a wand of mindburst (9)
 J - a wand of digging (12)
 R - a wand of flame (89)
 T - a wand of acid (11)
Scrolls
 e - 2 scrolls of summoning
 m - 4 scrolls of blinking
 q - a scroll of magic mapping
 w - 6 scrolls of fog
 z - a scroll of silence
 C - 7 scrolls of teleportation
 D - 2 scrolls of fear
 L - 4 scrolls of noise
 M - a scroll of brand weapon
 Q - 2 scrolls of holy word
Potions
 b - 3 potions of mutation
 d - 3 potions of ambrosia
 k - 4 potions of haste
 n - 4 potions of berserk rage
 r - 2 potions of might
 v - 4 potions of resistance
Miscellaneous
 c - a phial of floods
 p - a box of beasts
 E - a lightning rod (4/4)
 G - a piece from Xom's chessboard (15/15)
 X - a tin of tremorstones (2/2)


   Skills:
 + Level 21.9 Fighting
 - Level 22.8 Axes
 * Level 6.2 Throwing
 + Level 21.3 Armour
 + Level 2.7 Dodging
 - Level 3.6 Stealth
 + Level 18.4 Shields
 + Level 16.6 Evocations


You had 21 spell levels left.
You didn't know any spells.
Your spell library contained the following spells:

 Spells                   Type           Power      Damage    Failure   Level
 Animate Skeleton         Necr           0%         N/A       100%        1
 Beastly Appendage        Tmut           0%         N/A       100%        1
 Pain                     Necr           0%         1d4       100%        1
 Sandblast                Erth           0%         2d4       100%        1
 Shock                    Conj/Air       0%         1d3       100%        1
 Slow                     Hex            0%         N/A       100%        1
 Summon Small Mammal      Summ           0%         N/A       100%        1
 Blink                    Tloc           0%         N/A       100%        2
 Ensorcelled Hibernation  Hex/Ice        0%         N/A       100%        2
 Passwall                 Tmut/Erth      0%         N/A       100%        2
 Static Discharge         Conj/Air       0%         N/A       100%        2
 Sublimation of Blood     Necr           0%         N/A       100%        2
 Wereblood                Tmut           0%         N/A       100%        2
 Call Canine Familiar     Summ           0%         N/A       100%        3
 Confusing Touch          Hex            0%         N/A       100%        3
 Gell's Gravitas          Tloc           0%         N/A       100%        3
 Ozocubu's Armour         Ice            0%         N/A       100%        3
 Portal Projectile        Hex/Tloc       0%         N/A       100%        3
 Spider Form              Tmut/Pois      0%         N/A       100%        3
 Stone Arrow              Conj/Erth      0%         3d7       100%        3
 Summon Guardian Golem    Hex/Summ       0%         N/A       100%        3
 Swiftness                Air            0%         N/A       100%        3
 Teleport Other           Tloc           0%         N/A       100%        3
 Tukima's Dance           Hex            0%         N/A       100%        3
 Vampiric Draining        Necr           0%         2d6       100%        3
 Airstrike                Air            0%         N/A       100%        4
 Anguish                  Hex/Necr       0%         N/A       100%        4
 Animate Armour           Summ/Erth      0%         N/A       100%        4
 Animate Dead             Necr           0%         N/A       100%        4
 Flame Wave               Conj/Fire      0%         2d4       100%        4
 Fulminant Prism          Conj/Hex       0%         3d6       100%        4
 Hailstorm                Conj/Ice       0%         3d3       100%        4
 Ice Form                 Ice/Tmut       0%         N/A       100%        4
 Iskenderun's Mystic Bla  Conj/Tloc      0%         2d3       100%        4
 Leda's Liquefaction      Hex/Erth       0%         N/A       100%        4
 Olgreb's Toxic Radiance  Pois           0%         N/A       100%        4
 Passage of Golubria      Tloc           0%         N/A       100%        4
 Petrify                  Tmut/Erth      0%         N/A       100%        4
 Summon Lightning Spire   Summ/Air       0%         N/A       100%        4
 Agony                    Necr           0%         N/A       100%        5
 Blade Hands              Tmut           0%         N/A       100%        5
 Borgnjor's Vile Clutch   Necr/Erth      0%         N/A       100%        5
 Excruciating Wounds      Necr           0%         N/A       100%        5
 Fireball                 Conj/Fire      0%         3d3       100%        5
 Irradiate                Conj/Tmut      0%         3d13      100%        5
 Iskenderun's Battlesphe  Conj           0%         2d6       100%        5
 Lee's Rapid Deconstruct  Erth           0%         3d5*      100%        5
 Lightning Bolt           Conj/Air       0%         1d11      100%        5
 Manifold Assault         Tloc           0%         N/A       100%        5
 Summon Forest            Summ/Tloc      0%         N/A       100%        5
 Yara's Violent Unravell  Hex/Tmut       0%         3d3       100%        5
 Conjure Ball Lightning   Conj/Air       0%         3x3d6     100%        6
 Death Channel            Necr           0%         N/A       100%        6
 Dispersal                Tloc           0%         N/A       100%        6
 Eringya's Noxious Bog    Tmut/Pois      0%         N/A       100%        6
 Iron Shot                Conj/Erth      0%         9d1       100%        6
 Simulacrum               Ice/Necr       0%         N/A       100%        6
 Enfeeble                 Hex            0%         N/A       100%        7
 Orb of Destruction       Conj           0%         9d5       100%        7
 Ozocubu's Refrigeration  Ice            0%         4d5       100%        7
 Storm Form               Tmut/Air       0%         N/A       100%        7
 Summon Hydra             Summ           0%         N/A       100%        7
 Borgnjor's Revivificati  Necr           0%         N/A       100%        8
 Ignition                 Fire           0%         3d3       100%        8
 Lehudib's Crystal Spear  Conj/Erth      0%         10d2      100%        8
 Maxwell's Capacitive Co  Air            0%         ∞         100%        8
 Fire Storm               Conj/Fire      0%         5d1       100%        9


Dungeon Overview and Level Annotations

Branches:
Dungeon (15/15) Temple (1/1) D:4 Lair (6/6) D:10 Swamp (4/4) Lair:3 Spider (4/4) Lair:4 Slime (0/5) Lair:6 Orc (2/2) D:10 Elf (0/3) Orc:1 Orc:2 Vaults (5/5) D:13 Crypt (0/3) Vaults:3 Depths (0/4) D:15 IceCv (visited) WizLab (visited)

Altars:
Ashenzari
Cheibriados
Dithmenos
Elyvilon
Fedhas
Hepliaklqana
Kikubaaqudgha
Makhleb
Nemelex Xobeh
Okawaru
Qazlal
Ru
Sif Muna
Trog
Vehumet
Wu Jian
Xom
Yredelemnul
Zin
The Shining One
Jiyva

Shops:
D:5 =   D:12 [   Orc:1 :*!   Orc:2 [:?*   Swamp:2 *   Vaults:1 !   Vaults:2 [

Portals:
Abyss: Swamp:3
Pandemonium: Orc:2

Annotations:
D:14 3 runed translucent doors, cbfl8's ghost, journeyman MiFi
D:15 2 transporters, cbfl8's ghost, journeyman GrBe
Swamp:3 2 transporters, mortz's ghost, adept GnCj
Vaults:1 2 transporters, cbfl8's ghost, adept MiBe
Vaults:3 2 transporters


Innate Abilities, Weirdness & Mutations

Your life essence is reduced to manifest your ancestor. (-10% HP)
You have a pair of horns on your head.
You reflexively headbutt those who attack you in melee.
You have sharp fingernails.
You are partially covered in iridescent scales. (AC +2)
You occasionally shout uncontrollably at your foes.
You have hidden genetic potential.
You expend magic power (3 MP) to strengthen your wands.


Message History

The war gargoyle hits you but does no damage.
You are confused.
You feel invigorated.
The war gargoyle hits you but does no damage.
The shadow dragon bites Valentine.
The shadow dragon claws Valentine!
The shadow dragon claws Valentine.
Valentine barely misses the shadow dragon.
The war gargoyle hits you but does no damage.
You're too confused to move!
The shadow dragon bites Valentine!
The shadow dragon claws Valentine!
The shadow dragon claws Valentine.
Valentine hits the shadow dragon with a +0 lajatang of freezing!!
The war gargoyle hits you with a +0 morningstar!
* * * LOW HITPOINT WARNING * * *
You hear a shout!
Unknown command.
You feel less invigorated.
You feel less confused.
The shadow dragon bites Valentine!
The shadow dragon barely misses Valentine.
The shadow dragon claws Valentine!
A titan comes into view.
Valentine mumbles some strange words.
Valentine seems to speed up.
You slice the war gargoyle!!
You destroy the war gargoyle!
Valentine casts a spell at the shadow dragon.
The stone arrow hits the shadow dragon!!
The shadow dragon barely misses Valentine. x2
The shadow dragon claws Valentine but does no damage.
Unknown command.
Valentine points at the shadow dragon and mumbles some strange words.
The bolt of magma hits the shadow dragon!!
The shadow dragon bites Valentine.
The shadow dragon claws Valentine! x2
Valentine is destroyed!
You slice the shadow dragon!!
Lightning courses through the shadow dragon!
The shadow dragon is almost dead.
The shadow dragon breathes negative energy at you.
The bolt of negative energy hits you!
You feel drained.
You die...

#... #...
#..# #.C#
#..# #..#
#.D# #.@#
#.)#######
#.........
#............
#....########
#.... #....
#.... #....


You could see a shadow dragon (catching breath) and a titan.

Vanquished Creatures
  Bai Suzhen (Spider:4)
  Mlioglotl (Swamp:2)
  Asterion (Spider:2)
  2 titans (Vaults:4)
  Frances (Spider:2)
  3 sphinxes
  2 tengu reavers
  Gastronok (Lair:1)
  A shadow dragon (Vaults:4)
  3 fenstrider witches
  A fire giant (Vaults:4)
  A draconian knight (WizLab)
  An azure jelly (IceCv)
  2 emperor scorpions (Spider:4)
  7 vault wardens
  A ghost moth (Spider:2)
  12 ironbound preservers
  A stone giant (Vaults:5)
  4 war gargoyles
  A quicksilver ooze (IceCv)
  5 eleionomae
  4 broodmothers (Spider:4)
  A very ugly thing (Vaults:1)
  3 ironbound thunderhulks
  4 entropy weavers
  5 purple draconians (WizLab)
  3 bunyips
  13 dire elephants
  A deep elf death mage (Vaults:1)
  7 statues (WizLab)
  An ettin (Orc:2)
  A deep elf high priest (Vaults:5)
  4 great orbs of eyes
  Harold (D:8)
  A spriggan air mage (Swamp:1)
  22 vault guards
  22 hydras
  9 yaktaur captains
  Erolcha (D:9)
  7 boulder beetles
  A centaur warrior (D:13)
  A demonspawn (Orc:2)
  2 ghost crabs
  2 death knights (Vaults:3)
  2 alligators
  7 ironbound frosthearts
  3 jorogumos
  2 two-headed ogres
  13 death yaks
  6 spriggans
  3 orc high priests (Orc:2)
  A shadow wraith (Vaults:3)
  4 skeletal warriors
  3 goliath frogs
  11 pharaoh ants
  29 deep trolls
  6 orb spiders
  4 spriggan druids
  6 swamp dragons
  9 steelbarb worms
  12 ironbound convokers
  5 harpies
  14 lindwurms
  3 bog bodies
  4 orc knights
  5 wizards
  A necromancer (Vaults:3)
  A deep elf pyromancer (D:15)
  19 wolf spiders
  3 orc sorcerers (Orc:2)
  5 moths of wrath
  An oklob plant (Lair:2)
  3 cyclopes
  A manticore (D:15)
  51 slime creatures
  A will-o-the-wisp (Swamp:4)
  17 ugly things
  A human skeleton (Vaults:3)
  7 black mambas
  Joseph (D:9)
  A gargoyle (D:10)
  2 ice statues (IceCv)
  3 elephants (Lair:6)
  A guardian serpent (shapeshifter) (Vaults:5)
  A guardian serpent (Lair:6)
  13 vault sentinels
  Maurice (D:8)
  4 torpor snails
  9 demonic crawlers
  2 efreet
  9 cane toads
  A freezing wraith (Vaults:4)
  A kobold demonologist (D:10)
  6 komodo dragons
  An ice devil (Orc:2)
  A rime drake (Lair:3)
  7 tengu conjurers (WizLab)
  27 yaktaurs
  An entropy weaver simulacrum (IceCv)
  A bloated husk (Swamp:2)
  A red devil (Orc:2)
  4 trolls
  10 hornets
  14 meliai
  10 polar bears
  9 tyrant leeches
  A raiju (Lair:6)
  A merfolk (D:15)
  20 blink frogs
  A meliai zombie (D:10)
  A raiju (shapeshifter) (D:14)
  4 dream sheep (Lair:6)
  33 tarantellas
  A stone giant simulacrum (Vaults:3)
  12 jumping spiders
  18 culicivoras
  13 wyverns
  74 yaks
  12 humans (D:13)
  4 hogs (Spider:4)
  4 basilisks
  A neqoxec (Orc:2)
  A steam dragon (D:8)
  11 vampire mosquitoes
  3 wargs (Lair:6)
  39 redbacks
  An ogre zombie (Vaults:3)
  A swamp worm (shapeshifter) (Vaults:1)
  2 acid dragons
  12 swamp worms
  4 demonic crawler simulacra (IceCv)
  12 hell hounds (Lair:6)
  18 water moccasins
  A floating eye (shapeshifter) (Vaults:5)
  11 black bears
  7 swamp drakes
  2 ice beasts
  22 orc warriors
  A sky beast (D:6)
  6 necrophages (D:7)
  3 ugly thing simulacra (IceCv)
  4 boggarts
  4 ogres
  19 wolves
  4 centaurs
  2 kobold brigands
  18 bullfrogs
  A gnoll sergeant (D:9)
  2 glowing shapeshifter simulacra (IceCv)
  A scorpion (D:6)
  A water moccasin zombie (D:3)
  An elephant simulacrum (Lair:1)
  8 killer bees (D:9)
  10 wights
  4 vampire bats (Lair:3)
  2 electric eels (Lair:3)
  5 howler monkeys
  A crimson imp (Spider:1)
  A bullfrog zombie (D:7)
  2 lava snakes
  11 centaur zombies
  A centaur skeleton (D:6)
  25 orc priests
  2 hounds
  3 jellies
  A gnoll shaman (D:6)
  5 hell rats (Lair:4)
  14 orc wizards
  2 iguanas
  2 killer bee zombies
  A hound skeleton (D:5)
  5 howler monkey zombies
  11 gnolls
  11 adders
  A river rat (D:10)
  A shadow imp (D:7)
  2 white imps
  2 ufetubi
  An adder skeleton (D:4)
  A worm (D:5)
  12 dart slugs
  65 orcs
  4 ball pythons
  7 endoplasms
  4 giant cockroaches
  7 goblins
  5 hobgoblins
  20 kobolds
  2 quokkas
  7 bats
  8 frilled lizards
  8 rats
  A butterfly (Lair:4)
1271 creatures vanquished.

Vanquished Creatures (collateral kills)
  A tentacled monstrosity (Swamp:3)
  Rupert (D:13)
  A lich (Vaults:5)
  A sphinx (Vaults:4)
  2 tengu reavers
  Donald (Spider:2)
  A thorn hunter (Swamp:3)
  A shadow dragon (Vaults:1)
  Kirke (Spider:4)
  An azure jelly (IceCv)
  2 emperor scorpions
  A frost giant (Vaults:4)
  4 ironbound preservers
  3 vault wardens
  A very ugly thing (Vaults:1)
  A stone giant (Vaults:4)
  2 ironbound thunderhulks
  3 broodmothers
  8 dire elephants
  2 statues (WizLab)
  An entropy weaver (Spider:2)
  4 purple draconians (WizLab)
  2 great orbs of eyes
  2 shambling mangroves
  A deep elf high priest (Vaults:4)
  7 hydras
  4 vault guards (Vaults:4)
  A peacekeeper (Vaults:3)
  2 jorogumos
  A catoblepas (Lair:6)
  A demonspawn (Orc:2)
  A centaur warrior (D:15)
  An ironbound frostheart (Vaults:4)
  2 alligators
  4 boulder beetles
  3 death yaks
  2 orc high priests (Orc:2)
  Nergalle (D:10)
  A skeletal warrior (D:14)
  4 sun moths
  3 goliath frogs
  A glowing orange brain (Vaults:2)
  4 orb spiders
  2 steelbarb worms
  4 swamp dragons
  10 deep trolls
  2 wizards (Vaults:1)
  A bog body (Swamp:2)
  A spriggan druid (Swamp:4)
  A lindwurm (shapeshifter) (Vaults:3)
  4 ironbound convokers
  3 lindwurms
  4 orc knights
  3 harpies
  4 orc sorcerers
  6 ugly things
  A salamander (D:15)
  20 slime creatures
  6 wolf spiders
  A black mamba (Lair:3)
  A moth of wrath (Spider:4)
  5 vault sentinels
  A rust devil (Orc:2)
  2 torpor snails
  2 cane toads (Lair:6)
  A demonic crawler (Spider:1)
  A human zombie (Vaults:3)
  3 komodo dragons
  An entropy weaver simulacrum (IceCv)
  12 yaktaurs
  8 tengu conjurers (WizLab)
  5 meliai
  3 polar bears
  8 tarantellas
  4 hornets
  2 tyrant leeches
  A blink frog (Lair:6)
  A raiju (Lair:6)
  12 jumping spiders
  4 dream sheep (Lair:6)
  A wyvern (D:9)
  A spriggan (Swamp:4)
  6 culicivoras
  6 yaks
  A battlemage (Spider:4)
  4 humans (D:13)
  5 vampire mosquitoes
  2 basilisks
  A death yak simulacrum (Lair:1)
  11 redbacks
  7 water moccasins
  2 wargs
  2 acid dragons
  A demonic crawler simulacrum (IceCv)
  4 swamp worms
  3 hell hounds (Lair:6)
  A sky beast (D:5)
  2 black bears (Lair:6)
  12 orc warriors
  3 swamp drakes (Swamp:4)
  3 boggarts
  7 wolves
  2 kobold brigands
  3 bullfrogs
  3 killer bees (D:9)
  2 electric eels
  3 lava snakes (Lair:3)
  2 centaur zombies
  2 orc priests
  4 orc wizards
  A hell rat (D:10)
  A howler monkey zombie (D:9)
  A gnoll (D:9)
  12 orcs
  2 bats (Lair:3)
  2 quokkas (D:10)
  2 kobolds (D:9)
  A rat (D:10)
369 creatures vanquished.

Vanquished Creatures (others)
  A will-o-the-wisp (Swamp:1)
  4 bloated husks
  42 battlemagi
  7 ancestors
  6 foxfires (Swamp:4)
  51 fungi
  119 plants
  4 withered plants (D:7)
234 creatures vanquished.

Grand Total: 1874 creatures vanquished

Notes
Turn   | Place    | Note
-------+----------+-------------------------------------------
     0 | D:1      | cbfl8 the Minotaur Fighter began the quest for the Orb.
     0 | D:1      | Reached XP level 1. HP: 19/19 MP: 0/0
    89 | D:1      | Reached XP level 2. HP: 25/27 MP: 1/1
   609 | D:2      | Found a stormy altar of Qazlal.
   618 | D:2      | Reached skill level 1 in Evocations
   638 | D:2      | Reached XP level 3. HP: 33/33 MP: 2/2
   663 | D:2      | Reached skill level 3 in Axes
  1474 | D:3      | Reached XP level 4. HP: 40/40 MP: 3/3
  1475 | D:3      | Reached skill level 4 in Axes
  1477 | D:3      | Reached XP level 5. HP: 46/46 MP: 4/4
  1572 | D:3      | Found a faded altar of an unknown god.
  1719 | D:3      | You fall into a shaft and drop 3 floors!
  1724 | D:6      | Noticed an ogre
  1743 | D:5      | Entered Level 5 of the Dungeon
  1746 | D:5      | Noticed a sky beast
  1806 | D:5      | Killed a sky beast
  1807 | D:5      | Reached skill level 5 in Axes
  1807 | D:5      | Reached XP level 6. HP: 50/53 MP: 5/5
  2392 | D:4      | Found a staircase to the Ecumenical Temple.
  2409 | Temple   | Entered the Ecumenical Temple
  2421 | Temple   | Became a worshipper of Hepliaklqana the Forgotten
  2640 | D:4      | Reached skill level 5 in Fighting
  2640 | D:4      | Reached skill level 5 in Armour
  2640 | D:4      | Reached XP level 7. HP: 38/61 MP: 6/6
  2959 | D:5      | Reached skill level 6 in Axes
  3170 | D:5      | Noticed a yak
  3170 | D:5      | Noticed a yak
  3171 | D:5      | Noticed a yak
  3183 | D:5      | Killed a yak
  3186 | D:5      | Killed a yak
  3187 | D:5      | Reached skill level 1 in Stealth
  3189 | D:5      | Killed a yak
  3190 | D:5      | Reached skill level 7 in Axes
  3190 | D:5      | Reached XP level 8. HP: 63/69 MP: 7/7
  3320 | D:5      | Found Teumypn's Jewellery Shoppe.
  3966 | D:6      | Reached skill level 8 in Axes
  4005 | D:6      | Reached skill level 5 in Shields
  4170 | D:6      | Reached XP level 9. HP: 59/75 MP: 8/8
  4323 | D:6      | Reached skill level 9 in Axes
  4504 | D:6      | Found a burning altar of Makhleb.
  4647 | D:7      | Reached skill level 5 in Evocations
  4695 | D:7      | Found an ornate altar of the Wu Jian Council.
  4698 | D:7      | Found a blossoming altar of Fedhas.
  4997 | D:7      | Reached skill level 10 in Axes
  5161 | D:7      | Reached * piety under Hepliaklqana
  5731 | D:7      | Reached XP level 10. HP: 46/75 MP: 9/9
  5986 | D:8      | Reached skill level 11 in Axes
  6047 | D:8      | Noticed Maurice
  6058 | D:8      | Killed Maurice
  6089 | D:8      | Noticed Harold
  6107 | D:8      | Killed Harold
  6852 | D:8      | Found a broken altar of Ashenzari.
  7459 | D:8      | Reached skill level 1 in Throwing
  8104 | D:9      | Noticed Erolcha
  8109 | D:9      | Noticed Joseph
  8120 | D:9      | Killed Joseph
  8121 | D:9      | Reached skill level 12 in Axes
  8393 | D:9      | Reached skill level 1 in Dodging
  8407 | D:9      | Killed Erolcha
  8408 | D:9      | Reached XP level 11. HP: 77/84 MP: 10/10
  9465 | D:10     | Entered Level 10 of the Dungeon
 10032 | D:10     | Noticed Nergalle
 10570 | D:10     | Killed Nergalle
 10579 | D:10     | Noticed a sixfirhy
 10582 | D:10     | Reached skill level 13 in Axes
 11002 | D:10     | Reached skill level 10 in Armour
 11107 | D:10     | Found a basalt altar of Yredelemnul.
 11742 | D:10     | Found a staircase to the Orcish Mines.
 11968 | D:10     | Found an iron altar of Okawaru.
 12332 | D:10     | Noticed a death yak
 12332 | D:10     | Noticed a death yak
 12334 | D:10     | Found a staircase to the Lair.
 12335 | D:10     | Noticed a death yak
 12345 | D:10     | Killed a death yak
 12352 | D:10     | Killed a death yak
 12353 | D:10     | Reached skill level 14 in Axes
 12353 | D:10     | Reached XP level 12. HP: 93/93 MP: 11/11
 12354 | D:10     | Killed a death yak
 12696 | D:11     | Reached ** piety under Hepliaklqana
 12697 | D:11     | Remembered your ancestor Valentine as a battlemage
 12711 | D:11     | Noticed a five-headed hydra
 12720 | D:11     | Killed a two-headed hydra
 13256 | D:11     | Noticed a two-headed ogre
 13261 | D:11     | Killed a two-headed ogre
 13676 | D:12     | Found a sacrificial altar of Ru.
 14047 | D:12     | Reached *** piety under Hepliaklqana
 14083 | D:12     | Noticed a five-headed hydra
 14091 | D:12     | Killed a three-headed hydra
 14336 | D:12     | Noticed a two-headed ogre
 14347 | D:12     | Killed a two-headed ogre
 14348 | D:12     | Reached skill level 15 in Axes
 14400 | D:12     | Found Xiff's Armour Emporium.
 14408 | D:12     | Bought a +1 pair of boots of flying for 264 gold pieces
 14734 | D:13     | Noticed Rupert
 14734 | D:13     | Noticed a centaur warrior
 14734 | D:13     | Found a gate to the Vaults.
 15235 | D:13     | Killed a centaur warrior
 15236 | D:13     | Reached skill level 10 in Fighting
 15279 | D:13     | Killed Rupert
 15420 | D:13     | Reached XP level 13. HP: 95/101 MP: 12/12
 15752 | D:14     | Found a runed translucent gate.
 15752 | D:14     | Found a runed translucent gate.
 15752 | D:14     | Found a runed translucent gate.
 15755 | D:14     | Noticed a rockslime
 15755 | D:14     | Noticed a rockslime
 15756 | D:14     | Found a viscous altar of Jiyva.
 15756 | D:14     | Noticed an acid blob
 15756 | D:14     | Noticed an acid blob
 15756 | D:14     | Noticed cbfl8's ghost (journeyman MiFi)
 16473 | D:14     | Reached skill level 16 in Axes
 17868 | D:14     | Reached skill level 10 in Evocations
 17881 | D:14     | HP: 4/104 [skeletal warrior/+2 vorpal flail[a skeletal
                  | warrior] (3)]
 19049 | D:15     | Entered Level 15 of the Dungeon
 19723 | D:15     | Reached **** piety under Hepliaklqana
 20286 | D:15     | Found a transporter.
 20289 | D:15     | Noticed cbfl8's ghost (journeyman GrBe)
 20308 | D:15     | Noticed a dire elephant
 20735 | D:15     | Reached XP level 14. HP: 84/113 MP: 13/13
 21141 | D:15     | Found a transporter.
 21175 | D:15     | Found a staircase to the Depths.
 21212 | D:15     | Found a radiant altar of Vehumet.
 21498 | Lair:1   | Entered Level 1 of the Lair of Beasts
 21525 | Lair:1   | Noticed Gastronok
 21540 | Lair:1   | Killed Gastronok
 21547 | Lair:1   | Reached skill level 17 in Axes
 21645 | Lair:1   | Found a frozen archway.
 21670 | IceCv    | Entered an ice cave
 24519 | IceCv    | Noticed a quicksilver ooze
 24531 | IceCv    | Killed a quicksilver ooze
 24921 | IceCv    | Found a viscous altar of Jiyva.
 24921 | IceCv    | Noticed an azure jelly
 24934 | IceCv    | Killed an azure jelly
 24998 | IceCv    | Noticed an azure jelly
 25003 | IceCv    | Killed an azure jelly
 25307 | IceCv    | Identified the amulet of Lieb {Faith rF+}
 26437 | Lair:2   | Reached ***** piety under Hepliaklqana
 26535 | Lair:2   | Reached skill level 10 in Shields
 27268 | Lair:2   | Identified the ring "Inic Jau" {Fire rPois Will+ Int-5}
 28259 | Lair:3   | Reached skill level 15 in Armour
 28343 | Lair:3   | Reached XP level 15. HP: 100/122 MP: 14/14
 28542 | Lair:3   | Found a staircase to the Swamp.
 28848 | Lair:3   | Identified a scroll of acquirement
 28850 | Lair:3   | Acquired 946 gold pieces
 28938 | Lair:4   | Found a hole to the Spider Nest.
 29415 | Lair:4   | Reached skill level 18 in Axes
 29561 | Lair:4   | You are sucked into a shaft and drop 2 floors!
 29561 | Lair:6   | Entered Level 6 of the Lair of Beasts
 29752 | Lair:6   | Reached ****** piety under Hepliaklqana
 32438 | Lair:6   | Reached skill level 15 in Fighting
 33074 | Lair:6   | Found a viscous altar of Jiyva.
 33075 | Lair:6   | Found a staircase to the Slime Pits.
 33537 | Lair:6   | Reached XP level 16. HP: 114/134 MP: 15/15
 34411 | Orc:1    | Entered Level 1 of the Orcish Mines
 34411 | Orc:1    | Found a burning altar of Makhleb.
 34534 | Orc:1    | Found Voxott's General Store.
 34629 | Orc:1    | Found Xiof's Book Shop.
 34695 | Orc:1    | Reached skill level 19 in Axes
 34695 | Orc:1    | Reached XP level 17. HP: 140/140 MP: 16/16
 34710 | Orc:2    | Entered Level 2 of the Orcish Mines
 34860 | Orc:2    | Found a staircase to the Elven Halls.
 35264 | Orc:1    | Found Vajyutuj's Distillery.
 35276 | Orc:1    | Bought a potion of might for 56 gold pieces
 35276 | Orc:1    | Bought a potion of heal wounds for 70 gold pieces
 35445 | Orc:2    | Found Lissub's Magic Scroll Shop.
 35446 | Orc:2    | Found Gorgh's General Store.
 35666 | Orc:2    | Bought a scroll of identify for 30 gold pieces
 35666 | Orc:2    | Bought a scroll of teleportation for 45 gold pieces
 35666 | Orc:2    | Bought a scroll of identify for 30 gold pieces
 35666 | Orc:2    | Bought a scroll of identify for 30 gold pieces
 35673 | Orc:2    | Bought a scroll of blinking for 120 gold pieces
 36586 | Orc:2    | Found Dekaczir's Antique Armour Emporium.
 36586 | Orc:2    | Found Ucure's Book Shoppe.
 36587 | Orc:2    | Found a one-way gate leading to the halls of Pandemonium.
 36809 | Swamp:1  | Entered Level 1 of the Swamp
 36835 | Swamp:1  | Identified the +1 plate armour of the Dice {+Blink rC+}
 39431 | Swamp:2  | Found Amuev's Island Escapes.
 39496 | Swamp:2  | Bought a scroll of teleportation for 42 gold pieces
 39496 | Swamp:2  | Bought 3 scrolls of blinking for 315 gold pieces
 39496 | Swamp:2  | Bought 2 scrolls of blinking for 210 gold pieces
 39496 | Swamp:2  | Bought a scroll of teleportation for 42 gold pieces
 39781 | Swamp:2  | Noticed Mlioglotl
 40238 | Swamp:2  | Killed Mlioglotl
 40664 | Swamp:3  | Noticed a tentacled monstrosity
 40670 | Swamp:3  | Killed a tentacled monstrosity
 41380 | Swamp:3  | Found the +7 pair of quick blades "Gyre" and "Gimble"
                  | {protect}
 41385 | Swamp:3  | Found a transporter.
 41387 | Swamp:3  | Found a one-way gate to the infinite horrors of the Abyss.
 41387 | Swamp:3  | Noticed mortz's ghost (adept GnCj)
 41479 | Swamp:3  | Noticed a quicksilver dragon
 41479 | Swamp:3  | a quicksilver dragon changed into an iron dragon
 41481 | Swamp:3  | Noticed a caustic shrike
 41481 | Swamp:3  | an iron dragon changed into a caustic shrike
 41487 | Swamp:3  | Noticed a shard shrike
 41488 | Swamp:3  | Noticed a juggernaut
 41488 | Swamp:3  | a shard shrike changed into a juggernaut
 41492 | Swamp:3  | Found a transporter.
 41817 | Spider:1 | Entered Level 1 of the Spider Nest
 41832 | Spider:1 | Reached XP level 18. HP: 130/151 MP: 17/17
 42289 | Spider:1 | Reached skill level 20 in Axes
 42616 | Spider:2 | Noticed Donald
 42622 | Spider:2 | Killed Donald
 43588 | Spider:2 | Noticed Asterion
 43596 | Spider:2 | Killed Asterion
 43952 | Spider:2 | Noticed Frances
 43962 | Spider:2 | Killed Frances
 44778 | Spider:3 | Paralysed by a jorogumo for 2 turns
 45689 | Spider:3 | Got the Volume of Necromancy and Transformation
 46107 | Spider:4 | Entered Level 4 of the Spider Nest
 46269 | Spider:4 | Noticed Kirke
 46284 | Spider:4 | Killed Kirke
 46919 | Spider:4 | Reached XP level 19. HP: 161/161 MP: 18/18
 46973 | Spider:4 | Noticed Bai Suzhen
 46985 | Spider:4 | Killed Bai Suzhen
 47866 | Spider:4 | Reached skill level 21 in Axes
 48003 | Spider:4 | Got a gossamer rune of Zot
 48217 | Spider:4 | Reached XP level 20. HP: 170/170 MP: 19/19
 48378 | Swamp:4  | Entered Level 4 of the Swamp
 48611 | Swamp:4  | Identified the +3 chain mail of Leisufubb {Str+3}
 48627 | Swamp:4  | Reached skill level 15 in Evocations
 49131 | Swamp:3  | HP: 4/170 [seven-headed hydra (11)]
 50352 | Swamp:3  | Reached skill level 15 in Shields
 51356 | Swamp:4  | Got a decaying rune of Zot
 51970 | Vaults:1 | Entered Level 1 of the Vaults
 53420 | Vaults:1 | Found Zatuip's Distillery.
 53428 | Vaults:1 | Bought a potion of heal wounds for 85 gold pieces
 53428 | Vaults:1 | Bought a potion of heal wounds for 85 gold pieces
 53428 | Vaults:1 | Bought 2 potions of mutation for 272 gold pieces
 53428 | Vaults:1 | Gained mutation: You are partially covered in iridescent
                  | scales. (AC +2) [potion of mutation]
 53428 | Vaults:1 | Gained mutation: You occasionally shout uncontrollably at
                  | your foes. [potion of mutation]
 53428 | Vaults:1 | Gained mutation: You have hidden genetic potential. [potion
                  | of mutation]
 53428 | Vaults:1 | Gained mutation: You have sharp fingernails. [potion of
                  | mutation]
 53481 | Vaults:1 | Found a transporter.
 53485 | Vaults:1 | Noticed cbfl8's ghost (adept MiBe)
 53486 | Vaults:1 | Noticed a golden dragon
 53494 | Vaults:1 | Found a transporter.
 54103 | Vaults:1 | Reached XP level 21. HP: 130/179 MP: 20/20
 56165 | Vaults:2 | Reached skill level 22 in Axes
 56365 | Vaults:2 | Found Puly's Antique Armour Emporium.
 56374 | Vaults:2 | Bought a pair of transparent boots for 190 gold pieces
 56374 | Vaults:2 | Identified the +1 pair of boots of Deshitah {Fly Dex+2}
                  | (You bought it in a shop on level 2 of the Vaults)
 58290 | Vaults:3 | Gained mutation: You expend magic power (3 MP) to
                  | strengthen your wands. [hidden potential]
 58785 | Vaults:3 | Found a transporter.
 58785 | Vaults:3 | Found a transporter.
 58889 | Vaults:3 | Found a staircase to the Crypt.
 59745 | Vaults:4 | Found a magical portal.
 59756 | WizLab   | Entered Iskenderun's Mystic Tower
 59831 | WizLab   | Reached XP level 22. HP: 108/189 MP: 21/21
 61602 | WizLab   | Got Iskenderun's Almanac of Attacks
 61602 | WizLab   | Got Iskenderun's Reference Book on Battle Magic
 62628 | Vaults:4 | Reached skill level 5 in Throwing
 63371 | Vaults:5 | Entered Level 5 of the Vaults
 64120 | Vaults:5 | Noticed a golden dragon
 64135 | Vaults:5 | Killed from afar by a shadow dragon

Illustrated notes

Levels and vault maps discovered:
D:1:      minmay_arrival_statue_studded, layout_basic, minmay_misc_feat_chi,
          minmay_distorted
D:2:      layout_basic, basic_altar, hex_medium
D:3:      layout_basic, hellmonk_ecumenical_altar_lost_god
D:4:      layout_cave_pools, temple_fountains
D:5:      kennysheep_slugbush, layout_loops_ring, serial_shops, shop
D:6:      layout_rooms, mainiacjoe_overflow_brackets
D:7:      layout_rooms, minitemple, serial_undead, serial_undead_b,
          serial_undead_d, serial_undead_f, serial_undead_f, serial_undead_a,
          serial_undead_c, serial_undead_e, chequers_serial_rivers_large_a
D:8:      layout_basic, overflow_temple_1_default, kennysheep_flooded_box,
          uniq_harold, uniq_maurice
D:9:      layout_loops_ring, kennysheep_opposing_triangles, uniq_erolcha,
          uniq_joseph
D:10:     layout_basic, amcnicky_altar_gilded, nicolae_yredelemnul_corpse_copse,
          dpeg_lair_monsters, david_orc_4, uniq_nergalle
D:11:     layout_loops_corners
D:12:     layout_grid_maze, serial_shops, shop, nicolae_ru_the_path_less_chosen
D:13:     layout_rooms, david_vaults_3
D:14:     layout_basic, gammafunk_ghost_ooze
D:15:     hangedman_depths_entry_try_elsewhere_first, layout_rooms,
          gammafunk_ghost_stat_death, nicolae_vehumet_altar_sigil
Temple:   nicolae_temple_x_marks_the_god
Lair:1:   layout_chaotic_city, portal_ice_cave_entry_ice_simulacra,
          serial_bayou_lagoon_a, worms_lemuel, lemuel_fruit_fields,
          grunt_megastairs_1, lemuel_fruit_fields, uniq_gastronok
Lair:2:   layout_small_grid, minmay_lair_oklob_items, grunt_megastairs_5
Lair:3:   layout_big_grid, minmay_swamp_entry_swarm, roderic_batcave,
          nicolae_lair_liquid_snakes, grunt_megastairs_4
Lair:4:   layout_cave_pods, spider_nest_entry_a, lemuel_fruit_fields
Lair:5:   layout_misc_corridors
Lair:6:   hangedman_lair_caniforms_friends, layout_regular_city,
          hangedman_lair_tendril_chambers, slime_altar_1, nzn_sisyphean_effort
Swamp:1:  layout_basic_swamp, evilmike_swamp_ruin_house_2
Swamp:2:  layout_falls_marsh, serial_swamp_ruin, evilmike_swamp_ruin_house_6,
          evilmike_swamp_ruin_house_1, evilmike_swamp_ruin_house_5, swamp_pool3,
          nicolae_island_escapes, uniq_mlioglotl
Swamp:3:  layout_basic_swamp, gammafunk_ghost_abyssal_escape,
          evilmike_swamp_ruin_rubble_1, swamp_pool5, hangedman_swamp_blocks,
          nicolae_swamp_fairy_circle
Swamp:4:  swamp, layout_basic_swamp, nicolae_swamp_well_well_well
Spider:1: layout_spider_delve, nicolae_crawler_farm
Spider:2: lemuel_spider_zombies, nicolae_spider_eight_legs, uniq_donald,
          uniq_asterion, uniq_frances
Spider:3: layout_spider_delve, nicolae_spider_cling_halls
Spider:4: hellmonk_spider_rune_endless_swarm, uniq_bai_suzhen, uniq_kirke
Orc:1:    layout_caves, serial_shops, nicolae_shop_waterfront, shop_fountains,
          shop, basic_altar
Orc:2:    pf_orc_diabolical, layout_caves
Vaults:1: nzn_ghost_randoct, nicolae_vaults_theta, nicolae_vaults_minivaults,
          nicolae_vaults_yaktaur_gun_rack, vaults_room_corners,
          vaults_dpeg_diagonal, nicolae_vaults_twisting_passages,
          nicolae_vaults_network_star, dpeg_vaults_monster_row,
          layout_vaults_omnigrid, serial_shops, shop
Vaults:2: st_cross, grunt_vaults_bifocal, ontoclasm_vaults_twist,
          nicolae_vaults_gold_heap, vaults_dpeg_doors,
          nicolae_vaults_mini_display_case, v_misc_8, v_misc_17,
          hangedman_vaults_pinch, v_misc_27, ontoclasm_vaults_tryst,
          nicolae_vaults_big_angled_halls, nicolae_vaults_little_squares_1,
          hangedman_vaults_corner_blocks, nicolae_vaults_asterisk,
          v_alt_pattern_5, ontoclasm_vaults_chip, nicolae_vaults_alarming,
          ontoclasm_vaults_shuriken, layout_vaults_ring, serial_shops,
          nicolae_shop_overgrown_old_shop
Vaults:3: blue_anna_dwarven_crypt, dpeg_vaults_monster_box,
          vaults_room_door_hall, vaults_room_door_hall,
          nicolae_vaults_inception_corners, v_alt_pattern_4,
          gammafunk_the_bubble [the_bubble_gammafunk_crates],
          nicolae_vaults_theta, ontoclasm_vaults_eye,
          nicolae_vaults_network_barrier, ontoclasm_vaults_claustrophobia,
          v_misc_24, layout_vaults_omnibox
Vaults:4: infiniplex_enter_wizlab_water, nicolae_vaults_border_crossing,
          hangedman_vaults_stream, kb_rosetta, hangedman_vaults_river_flow,
          v_misc_4, hangedman_vaults_corner_blocks, v_alt_pattern_6, v_misc_13,
          vaults_dpeg_encased_lava, v_misc_11, layout_vaults_big_cross
Vaults:5

Skill      XL: |  1  2  3  4  5  6  7  8  9 10 11 12 13 14 15 16 17 18 19 20 21 22 |
---------------+-------------------------------------------------------------------+-----
Armour         | 4 5 6 8 9 10 12 13 15 16 18 19 20 21 | 21.3
Evocations     | 1 2 3 4 6 7 8 9 10 11 12 13 14 15 16 | 16.6
Axes           | 3 4 5 7 8 10 12 14 15 16 17 18 19 20 21 22 | 22.8
Fighting       | 4 5 6 7 9 10 12 13 15 16 18 19 20 21 | 21.9
Shields        | 4 5 6 7 8 9 10 11 12 13 14 15 17 18 | 18.4
Stealth        | 1 2 3 |  3.6
Throwing       | 2 3 4 6 |  6.2
Dodging        | 1 2 |  2.7

Action                   |  1- 3 |  4- 6 |  7- 9 | 10-12 | 13-15 | 16-18 | 19-21 | 22-24 || total
-------------------------+-------+-------+-------+-------+-------+-------+-------+-------++-------
Melee: War axe           |    84 |    51 |   258 |   542 |  1195 |   191 |       |       ||  2321
       Headbutt          |     6 |     6 |    63 |   120 |   329 |   217 |   236 |    85 ||  1062
       Hand axe          |       |       |       |     7 |    21 |       |       |       ||    28
       Broad axe         |       |       |       |       |       |   652 |   701 |   235 ||  1588
Throw: Boomerang         |       |       |       |       |       |       |     4 |       ||     4
Invok: Ancestor Identity |       |       |     1 |       |       |       |       |       ||     1
       Ancestor Life: Ba |       |       |       |     1 |       |       |       |       ||     1
Evoke: Box of beasts     |       |     1 |       |     1 |     1 |       |     1 |       ||     4
       Wand              |       |       |     5 |     3 |    11 |     4 |    11 |     5 ||    39
       Lightning rod     |       |       |       |       |     9 |       |       |       ||     9
       Piece from Xom's  |       |       |       |       |     1 |       |       |       ||     1
       Tin of tremorston |       |       |       |       |       |       |     1 |       ||     1
  Use: Scroll            |     2 |     3 |     3 |     7 |    15 |    25 |    10 |     2 ||    67
       Potion            |       |     3 |       |     1 |     9 |    11 |     8 |     6 ||    38
 Stab: Paralysed         |       |       |     8 |    13 |     6 |     2 |     2 |       ||    31
       Distracted        |       |       |       |     7 |    22 |    22 |    22 |     8 ||    81
       Petrified         |       |       |       |       |     7 |       |       |       ||     7
       Petrifying        |       |       |       |       |     1 |       |       |       ||     1
Armor: Scale mail        |    37 |     3 |       |       |       |       |       |       ||    40
       Plate armour      |       |    28 |   192 |   278 |   128 |       |       |       ||   626
       Skin              |       |     1 |       |       |       |       |       |       ||     1
       Crystal plate arm |       |       |       |       |   508 |   616 |   600 |   161 ||  1885
Dodge: Dodged            |    36 |    15 |    77 |   209 |   361 |   220 |   155 |    47 ||  1120
Block: Buckler           |    20 |    19 |    56 |   142 |   304 |   143 |       |       ||   684
       Kite shield       |       |       |       |       |       |   259 |   594 |   173 ||  1026
